 Seeded DCSS version 0.27-a0-40-g5f2be0e231 (webtiles) character file.

Game seed: 3165166927895876312 (custom seed)

22 saturdyl the Vexing (level 2, -3/27 HPs)
             Began as a Troll Arcane Marksman on Jan 5, 2021.
             Slain by a worker ant (6 damage)
             ... on level 2 of the Dungeon.
             The game lasted 00:14:39 (1202 turns).

saturdyl the Vexing (Troll Arcane Marksman)         Turns: 1202, Time: 00:14:43

Health: -3/27      AC:  7    Str: 17    XL:     2   Next: 68%
Magic:  2/2        EV: 10    Int:  9    God:
Gold:   53         SH:  0    Dex: 10    Spells: 2/3 levels left

rFire    . . .     SeeInvis .   (no weapon)
rCold    . . .     Faith    .   (no shield)
rNeg     . . .     Spirit   .   a - +0 robe
rPois    .         Reflect  .   (helmet restricted)
rElec    .         Harm     .   u - +0 cloak
rCorr    .         Rampage  .   (gloves unavailable)
Will     .....                  (boots unavailable)
Stlth    +.........             (no amulet)
HPRegen  0.49/turn              (no ring)
MPRegen  0.08/turn              (no ring)

@: lethally poisoned (-3 -> -6)
A: large, unfitting armour, claws 3, regeneration 1, shaggy fur 1, tough skin 3
a: no special abilities


You were on level 2 of the Dungeon.
You visited 1 branch of the dungeon, and saw 2 of its levels.

You collected 53 gold pieces.

Inventory:

Hand Weapons
 g - a +0 club
 j - a +0 mace
 k - a +0 short sword
 l - a cursed -3 short sword
 p - a +0 spear
Missiles
 b - 6 datura-tipped darts
 c - 2 large rocks (quivered)
 d - 2 throwing nets
 e - 4 boomerangs
 f - 18 sling bullets
 t - 38 stones
Armour
 a - a +0 robe (worn)
 n - a +0 pair of gloves
 o - a +0 kite shield
 s - a +0 leather armour
 u - a +0 cloak (worn)
Scrolls
 h - a scroll of identify {unknown}
 i - 3 scrolls of teleportation {unknown}
 r - a scroll of noise {unknown}
Potions
 m - a potion of lignification {unknown}
 q - a potion of haste {unknown}


   Skills:
 + Level 1.0 Fighting
 + Level 2.0 Throwing
 + Level 2.0 Dodging
 * Level 1.2 Spellcasting
 + Level 2.1 Hexes


You had 2 spell levels left.
You knew the following spells:

 Your Spells              Type           Power        Failure   Level
a - Corona                Hex            4%           16%         1

Your spell library contained the following spells:

 Spells                   Type           Power        Failure   Level
 Slow                     Hex            4%           22%         2
 Inner Flame              Hex/Fire       2%           56%         3
 Portal Projectile        Hex/Tloc       4%           56%         3
 Cause Fear               Hex            2%           83%         4
 Leda's Liquefaction      Hex/Erth       1%           93%         4


Dungeon Overview and Level Annotations

Branches:
Dungeon (2/15)

Altars:


Innate Abilities, Weirdness & Mutations

You are too large for most types of armour.
You have claws for hands.
Your natural rate of healing is unusually fast.
You are covered in fur. (AC +1)
You have extremely tough skin. (AC +3)


Message History

The worker ant bites you. x2
You are poisoned.
The worker ant poisons you!
You scratch the worker ant.
The worker ant is lightly wounded.
You feel sick. The worker ant bites you.
* * * LOW HITPOINT WARNING * * *
You barely miss the worker ant.
The worker ant is lightly wounded.
The worker ant bites you.
* * * LOW HITPOINT WARNING * * *
You are more poisoned.
The worker ant poisons you!
You scratch the worker ant but do no damage.
The worker ant is lightly wounded.
* * * LOW HITPOINT WARNING * * *
You feel sick. The worker ant bites you.
* * * LOW HITPOINT WARNING * * *
The worker ant bites you.
You die...

....# ...#
...# ..# ..#
(. #.# #.#
#.# ...# #@#
..$# #B#
#..##
####r###.....
#.##.#
#...B....#
#.##.#
#.##.....#
#.##.#
#.###.##...#
#.##.# #.#
#.# ....#
#.##.# #.#
#.# ####...
#.##.# #.#
#.# ##


You could see a worker ant, a giant cockroach and a rat.

Vanquished Creatures
  An ooze (D:1)
  A dart slug (D:1)
  A bat (D:1)
  2 goblins (D:1)
  2 hobgoblins
  A jackal (D:2)
  A frilled lizard (D:1)
  3 kobolds (D:1)
  4 rats
16 creatures vanquished.

Notes
Turn   | Place    | Note
-------+----------+-------------------------------------------
     0 | D:1      | saturdyl the Troll Arcane Marksman began the quest for the
                  | Orb.
     0 | D:1      | Reached XP level 1. HP: 18/18 MP: 1/1
   528 | D:1      | Reached XP level 2. HP: 25/26 MP: 2/2
   605 | D:1      | Reached skill level 1 in Fighting
  1202 | D:2      | Slain by a worker ant

Illustrated notes

Levels and vault maps discovered:
D:1:      saegor_arrival_simple_b, layout_loops_corners
D:2:      minmay_diamond_boxcup, layout_loops_ring, minmay_pentomino_q4

Skill      XL: |  1  2 |
---------------+-------+-----
Fighting       | 1 |  1.0
Dodging        | 2 |  2.0
Throwing       | 2 |  2.0
Spellcasting   | |  1.2
Hexes          | |  2.1

Action                   || total
-------------------------++-------
Melee: Unarmed           ||    31
Throw: Large rock        ||     4
       Boomerang         ||     1
 Stab: Sleeping          ||     1
Armor: Robe              ||     9
Dodge: Dodged            ||    13

Table legend: (Time is in decaauts)
 A = Elapsed time spent in this place.
 B = Non-inter-level travel time spent in this place.
 C = Inter-level travel time spent in this place.
 D = Time resting spent in this place.
 E = Time spent auto-exploring this place.
 F = Levels seen in this place.
 G = Mean time per level.
                   A        B        C        D        E       F      G
               +--------+--------+--------+--------+--------+-----+--------+
         Total |   1205 |    531 |    674 |      0 |    353 |   2 |  602.5 |
       Dungeon |   1205 |    531 |    674 |      0 |    353 |   2 |  602.5 |
               +--------+--------+--------+--------+--------+-----+--------+

Top non-repeatable levels by time:
     D:1: 1131 daAuts
     D:2: 74 daAuts
